 Dungeon Crawl Stone Soup version 0.23-a0-393-g6e9e0f2070 (webtiles) character file.

41 PikkenKukken the Insei (level 3, 0/26 HPs)
             Began as a Demonspawn Transmuter on Oct 31, 2018.
             Succumbed to an adder's poison
             ... on level 2 of the Dungeon.
             The game lasted 00:02:34 (1576 turns).

PikkenKukken the Insei (Demonspawn Transmuter)      Turns: 1576, Time: 00:02:34

Health: 0/26       AC:  3    Str: 10    XL:     3   Next: 32%
Magic:  2/6        EV: 12    Int: 15    God:
Gold:   45         SH:  4    Dex: 13    Spells: 5/6 levels left

rFire    . . .     SeeInvis .     - Unarmed
rCold    . . .     Gourm    .   (no shield)
rNeg     . . .     Faith    .   f - +1 robe
rPois    .         Spirit   +   (no helmet)
rElec    .         Reflect  .   (no cloak)
rCorr    .         Harm     .   (no gloves)
MR       .....                  (no boots)
Stlth    +.........             (no amulet)
HPRegen  0.08/turn              (no ring)
MPRegen  0.10/turn              (no ring)

@: lethally poisoned (0 -> -15), appendage (expiring)
A: horns 2, large bone plates 1, magic shield
a: End Transformation


You were on level 2 of the Dungeon.
You were very hungry.
You had grown temporary horns.
You visited 1 branch of the dungeon, and saw 2 of its levels.

You collected 45 gold pieces.

Inventory:

Hand Weapons
 b - a +1 hunting sling
Missiles
 a - 12 arrows
 g - 56 stones (quivered)
Armour
 f - a +1 robe (worn)
Scrolls
 e - a scroll of blinking
 i - 2 scrolls of remove curse
Comestibles
 d - 3 rations


   Skills:
 + Level 1.6 Fighting
 + Level 2.2 Dodging
 * Level 3.2 Unarmed Combat
 - Level 2.0 Spellcasting
 + Level 2.2 Transmutations


You had 5 spell levels left.
You knew the following spells:

 Your Spells              Type           Power        Failure   Level  Hunger
a - Beastly Appendage     Tmut           #.....       9%          1    #......

Your spell library contained the following spells:

 Spells                   Type           Power        Failure   Level  Hunger
 Sticks to Snakes         Tmut           #.......     14%         2    ###....
 Spider Form              Tmut/Pois      #.........   38%         3    ###....
 Ice Form                 Ice/Tmut       #.......     80%         4    #####..
 Blade Hands              Tmut           #.........   94%         5    ######.


Dungeon Overview and Level Annotations

Branches:
Dungeon (2/15)

Altars:


Innate Abilities, Weirdness & Mutations

You are partially covered in large bone plates. (SH +4)
When hurt, damage is shared between your health and your magic reserves.
You have a pair of horns on your head.


Message History

You hit the adder but do no damage.
The adder is almost dead.
* * * LOW HITPOINT WARNING * * *
You feel sick. The adder bites you.
* * * LOW HITPOINT WARNING * * *
You are more poisoned.
The adder poisons you!
You hit the adder.
You kill the adder!
* * * LOW HITPOINT WARNING * * *
You feel sick.
* * * LOW HITPOINT WARNING * * *
You feel sick.
You see here an adder corpse.
Unknown command.
Unknown command.
Unknown command.
You aren't carrying any potions.
Your transformation is almost over.
You die...

#...## # #....# #
#....# #### ####...#
#... #......# ###.##
##....)#########...#
(.(#......###<....#.###
(.....†.........#.....#
(..#..#@.#..#...#.#.###
#..#..#(.#..#..#...#
..#..#..#..#....'.###
...#..#..#..#...### .#
#..#..#..#.####
..............#
##.............#
.##.####....## ..
#....#


There were no monsters in sight!

Vanquished Creatures
  3 adders (D:2)
  A leopard gecko (D:2)
  2 goblins
  2 hobgoblins
  3 kobolds (D:2)
  3 rats
14 creatures vanquished.

Notes
Turn   | Place    | Note
-------+----------+-------------------------------------------
     0 | D:1      | PikkenKukken the Demonspawn Transmuter began the quest for
                  | the Orb.
     0 | D:1      | Reached XP level 1. HP: 15/15 MP: 3/3
  1090 | D:2      | Gained mutation: When hurt, damage is shared between your
                  | health and your magic reserves. [demonic ancestry]
  1090 | D:2      | Reached XP level 2. HP: 7/21 MP: 3/5
  1314 | D:2      | Reached skill level 3 in Unarmed Combat
  1559 | D:2      | Gained mutation: You are partially covered in large bone
                  | plates. (SH +4) [demonic ancestry]
  1559 | D:2      | Reached XP level 3. HP: 15/26 MP: 4/6
  1575 | D:2      | HP: 1/26 [poisoned by an adder]
  1576 | D:2      | Succumbed to an adder's poison

Vault maps used:
D:1:      sevenhm_arrival_forest_fort_small_6
D:2:      minmay_wonky_spiral, first_ration, minmay_misc_feat_diagonals,
          st_stairs_6, uniq_sigmund

Skill      XL: |  1  2 |
---------------+-------+-----
Transmutations | 2 |  2.2
Dodging        | 2 |  2.2
Unarmed Combat | 3 |  3.2
Fighting       | |  1.6
Spellcasting   | |  2.0

Action                   || total
-------------------------++-------
Melee: Unarmed           ||    47
       Headbutt          ||     1
 Fire: Hunting sling     ||    21
 Cast: Beastly Appendage ||     5
  Use: Scroll            ||     6
       Potion            ||     2
  Eat: Chunk             ||     1
Armor: Robe              ||     6
Dodge: Dodged            ||    27
Block: Other             ||     1

Table legend:
 A = Non-vault XP
 B = Vault XP
 C = Vault XP percentage of total XP
 D = Non-vault monster count
 E = Vault monster count
 F = Vault count percentage of total count
                 A         B        C        D         E       F
            +---------+---------+-------+---------+---------+-------
      Total |      41 |      18 |  30.5 |      10 |       4 |  28.6
            +---------+---------+-------+---------+---------+-------
        D:1 |       6 |       0 |   0.0 |       4 |       0 |   0.0
        D:2 |      35 |      18 |  34.0 |       6 |       4 |  40.0
            +---------+---------+-------+---------+---------+-------
